 Dungeon Crawl Stone Soup version 0.20-a0-850-ge5a7832 (webtiles) character file.

2410 qpzil the Severer (level 9, -4/72 HPs)
             Began as a Hill Orc Fighter on Mar 10, 2017.
             Was a Follower of Wu Jian.
             Slain by a killer bee (5 damage)
             ... on level 7 of the Dungeon.
             The game lasted 00:18:46 (6354 turns).

qpzil the Severer (Hill Orc Fighter)                Turns: 6354, Time: 00:18:46

Health: -4/72      AC:  8    Str: 21    XL:     9   Next: 47%
Magic:  9/9        EV:  7    Int: 10    God:    Wu Jian [*.....]
Gold:   352        SH:  9    Dex: 11    Spells: 8/8 levels left

rFire    + . .     SeeInvis +   L - +0 war axe (venom)
rCold    + . .     Gourm    .   b - +0 scale mail
rNeg     . . .     Faith    .   c - +0 shield
rPois    +         Spirit   .   (no helmet)
rElec    .         Reflect  .   B - +0 cloak "Voegosae" {*Contam rC+ rCorr SInv}
rCorr    +         Harm     .   (no gloves)
MR       .....                  (no boots)
Stlth    ..........             (no amulet)
Regen    0.3/turn               t - +2 ring of intelligence
MPRegen  0.2/turn               p - ring "Jeps" {Wiz Slay+4}

@: no status effects
A: fire resistance 1, poison resistance, MP-powered wands
a: Renounce Religion


You were on level 7 of the Dungeon.
You worshipped Wu Jian.
Wu Jian was aware of your devotion.
You were not hungry.

You visited 2 branches of the dungeon, and saw 8 of its levels.

You collected 352 gold pieces.

Inventory:

Hand Weapons
 A - a cursed +0 battleaxe
 H - a +0 shortbow
 L - a +0 war axe of venom (weapon)
Missiles
 n - 22 poisoned needles
 x - 4 steel tomahawks (quivered)
 I - 62 arrows
 N - 5 needles of confusion
Armour
 b - a +0 scale mail (worn)
 c - a +0 shield (worn)
 B - the +0 cloak "Voegosae" (worn) {*Contam rC+ rCorr SInv}
   (You found it on level 4 of the Dungeon)

   It protects you from cold.
   It lets you see invisible.
   It causes magical contamination when unequipped.
   It protects you from acid and corrosion.
Jewellery
 o - an uncursed ring of magical power
 p - the ring "Jeps" (left hand) {Wiz Slay+4}
   (You found it on level 4 of the Dungeon)

   [ring of wizardry]

   It improves your spell success rate.
   It affects your accuracy and damage with ranged weapons and melee attacks
   (+4).
 r - an uncursed amulet of regeneration
 t - a +2 ring of intelligence (right hand)
 G - an uncursed ring of flight
Wands
 v - a wand of acid (15/15)
 F - a wand of enslavement (15/24)
 J - a wand of random effects (29/48)
 M - a wand of confusion (26/48)
Scrolls
 g - a scroll of fear
 h - 3 scrolls of enchant armour
 k - 6 scrolls of identify
 u - 2 scrolls of magic mapping
 y - 6 scrolls of remove curse
 z - 2 scrolls of teleportation
 E - 2 scrolls of recharging
Potions
 e - 2 potions of haste
 i - a potion of mutation
 l - a potion of flight
 m - 3 potions of lignification {unknown}
 q - a potion of invisibility {unknown}
 s - 3 potions of curing
 w - 2 potions of cancellation {unknown}
 C - 3 potions of heal wounds {unknown}
 K - a potion of ambrosia {unknown}
Books
 a - a book of Necromancy

   Spells                             Type                      Level
   a - Pain                           Necromancy                   1
   b - Animate Skeleton               Necromancy                   1
   c - Vampiric Draining              Necromancy                   3
   d - Regeneration                   Charms/Necromancy            3
   e - Animate Dead                   Necromancy                   4
   f - Control Undead                 Necromancy                   4
Comestibles
 d - 2 meat rations
 f - 4 bread rations
 j - 6 fruits
 D - a royal jelly


   Skills:
 * Level 4.6 Fighting
 - Level 15.0 Axes
 + Level 3.7 Armour
 - Level 3.2 Shields


You had 8 spell levels left.
You didn't know any spells.

Dungeon Overview and Level Annotations

Branches:
Dungeon (7/15)             Temple (1/1) D:4

Altars:
Cheibriados
Dithmenos
Elyvilon
Fedhas
Gozag
Hepliaklqana
Kikubaaqudgha
Makhleb
Nemelex Xobeh
Okawaru
Qazlal
Ru
Sif Muna
Trog
Uskayaw
Vehumet
Wu Jian
Xom
Yredelemnul
Zin
The Shining One


Innate Abilities, Weirdness & Mutations

Your flesh is heat resistant. (rF+)
Your system is resistant to poisons. (rPois)
You expend magic power (3 MP) to strengthen your wands.


Message History

The killer bee poisons you! The killer bee stings you.
* * * LOW HITPOINT WARNING * * *
You are lethally poisoned!
The killer bee poisons you!
You spin and attack the killer bee.
Your scale mail prevents you from hitting the killer bee.
* * * LOW HITPOINT WARNING * * *
You feel sick. The killer bee stings you.
* * * LOW HITPOINT WARNING * * *
You are more poisoned.
The killer bee poisons you!
The killer bee stings you but does no damage.
You feel better. You block the killer bee's attack. The killer bee stings you.
* * * LOW HITPOINT WARNING * * *
You slash the killer bee!
The killer bee is poisoned.
The killer bee is severely wounded.
The killer bee stings you!
* * * LOW HITPOINT WARNING * * *
The killer bee stings you.
You die...

.... ..... ..... #....####
#.##....## .#..?.....#
.........>####### .
#..$....%.......# ..
........y@......###.. .
#.........?.............#
#..........>.....##......#
!...............##........
.#............†)##......#.
..........#####.#..####...
............##........#...
..........#...........#.#.
#.........####.###....#.#.


You could see a killer bee.

Vanquished Creatures
  A hippogriff (D:6)
  Menkaure (D:5)
  The ghost of nebgrebaes the Covered, an amateur GrFi (D:4)
  A water moccasin (D:6)
  An ice beast (D:6)
  2 sky beasts
  An orc warrior (D:6)
  A phantom (D:6)
  2 centaurs
  A scorpion (D:7)
  5 killer bees (D:7)
  4 wights
  A howler monkey (D:4)
  3 crimson imps
  A centaur zombie (D:3)
  A jelly (D:6)
  4 orc priests
  4 hounds
  A bullfrog skeleton (D:5)
  An iguana (D:6)
  2 orc wizards
  2 worker ants (D:4)
  A hound zombie (D:7)
  A hound skeleton (D:7)
  2 adders
  7 gnolls
  A howler monkey skeleton (D:4)
  An ooze (D:1)
  An adder skeleton (D:4)
  A worm (D:4)
  4 dart slugs
  6 leopard geckos
  10 orcs
  4 giant cockroaches
  9 hobgoblins
  8 jackals
  A quokka (D:6)
  4 ball pythons
  4 bats
  4 frilled lizards
  A giant cockroach zombie (D:5)
  8 goblins
  7 kobolds
  9 rats
135 creatures vanquished.

Notes
Turn   | Place    | Note
-------+----------+-------------------------------------------
     0 | D:1      | qpzil the Hill Orc Fighter began the quest for the Orb.
     0 | D:1      | Reached XP level 1. HP: 19/19 MP: 1/1
    37 | D:1      | Reached skill level 3 in Axes
   120 | D:1      | Reached XP level 2. HP: 21/26 MP: 2/2
   195 | D:1      | Reached skill level 4 in Axes
   372 | D:1      | Reached XP level 3. HP: 22/31 MP: 3/3
   863 | D:2      | Reached skill level 5 in Axes
   865 | D:2      | Reached XP level 4. HP: 37/39 MP: 4/4
  1530 | D:3      | Reached skill level 6 in Axes
  1534 | D:3      | Reached XP level 5. HP: 28/45 MP: 5/5
  1540 | D:3      | Reached skill level 7 in Axes
  1981 | D:3      | Found a basalt altar of Yredelemnul.
  2145 | D:3      | Found a faded altar of an unknown god.
  2583 | D:4      | Noticed nebgrebaes's ghost (amateur GrFi)
  2602 | D:4      | Killed nebgrebaes's ghost
  2602 | D:4      | Reached skill level 8 in Axes
  2602 | D:4      | Reached XP level 6. HP: 8/51 MP: 6/6
  2733 | D:4      | Reached skill level 9 in Axes
  2740 | D:4      | Got a fine cloak
  2787 | D:4      | Gained mutation: Your flesh is heat resistant. (rF+) [potion of mutation]
  2787 | D:4      | Gained mutation: You expend magic power (3 MP) to strengthen your wands. [potion of mutation]
  2787 | D:4      | Gained mutation: Your system is resistant to poisons. (rPois) [potion of mutation]
  3126 | D:4      | Reached XP level 7. HP: 49/57 MP: 7/7
  3186 | D:4      | Found a staircase to the Ecumenical Temple.
  3210 | Temple   | Entered the Ecumenical Temple
  3299 | Temple   | Became a worshipper of the Wu Jian Council
  3327 | Temple   | Identified the +0 cloak "Voegosae" {*Contam rC+ rCorr SInv} (You found it on level 4 of the Dungeon)
  3467 | D:4      | Reached skill level 10 in Axes
  3640 | D:4      | Got a twitching golden ring
  3764 | D:5      | Entered Level 5 of the Dungeon
  3953 | D:5      | Found a stormy altar of Qazlal.
  3973 | D:4      | Reached skill level 11 in Axes
  4118 | D:5      | Found a sacrificial altar of Ru.
  4120 | D:5      | Found a hide-covered altar of Uskayaw.
  4129 | D:5      | Reached XP level 8. HP: 45/64 MP: 8/8
  4267 | D:5      | Noticed Menkaure
  4273 | D:5      | Killed Menkaure
  4308 | D:5      | Found a shadowy altar of Dithmenos.
  4309 | D:5      | Reached skill level 12 in Axes
  4472 | D:5      | Identified the ring "Jeps" {Wiz Slay+4} (You found it on level 4 of the Dungeon)
  4498 | D:6      | Reached * piety under Wu Jian
  4576 | D:6      | Reached skill level 13 in Axes
  5898 | D:6      | Reached XP level 9. HP: 69/70 MP: 9/9
  5956 | D:6      | Reached skill level 14 in Axes
  6222 | D:7      | Reached skill level 15 in Axes
  6354 | D:7      | HP: 1/72 [killer bee (7)]
  6354 | D:7      | Slain by a killer bee

Vault maps used:
D:1:      sevenhm_arrival_forest_fort_small_4
D:2:      first_bread
D:3:      chequers_ecumenical_altar_simple_redux, yredelemnul_altar_generic
D:4:      minmay_temple_entry_glass, nicolae_ossuary_entry_plus
D:5:      grunt_temple_overflow_open, grunt_dithmenos_smoke_and_mirrors,
          dk_noncrumbling_2, uniq_menkaure
Temple:   minmay_crystal_spiral_temple

Skill      XL: |  1  2  3  4  5  6  7  8  9 |
---------------+----------------------------+-----
Axes           | 3 4 5 6 8 9 11 13 15 | 15.0
Fighting       | 4 |  4.6
Armour         | |  3.7
Shields        | |  3.2

Action                   |  1- 3 |  4- 6 |  7- 9 || total
-------------------------+-------+-------+-------++-------
Melee: War axe           |    99 |   156 |   204 ||   459
Throw: Tomahawk          |       |       |     2 ||     2
  Use: Scroll            |     1 |       |    17 ||    18
       Potion            |       |     4 |     2 ||     6
 Stab: Distracted        |       |       |     1 ||     1
  Eat: Royal jelly       |       |     1 |       ||     1
       Chunk             |       |     4 |     2 ||     6
       Bread ration      |       |     1 |       ||     1
       Meat ration       |       |       |     1 ||     1
Armor: Scale mail        |    31 |    46 |    86 ||   163
Dodge: Dodged            |    43 |    43 |    44 ||   130
Block: Shield            |    52 |    59 |    93 ||   204
